 Dungeon Crawl Stone Soup version 0.30.0-15-g856e2d3f33 (webtiles) character file.

Game seed: 5423684654296866536

161 rundlesten the Chopper (level 5, -4/45 HPs)
             Began as a Minotaur Berserker on May 19, 2023.
             Was a Believer of Trog.
             Slain by Eustachio
             ... wielding a +2 falchion of protection
              (5 damage)
             ... on level 4 of the Dungeon.
             The game lasted 00:23:20 (3501 turns).

rundlesten the Chopper (Minotaur Berserker)         Turns: 3501, Time: 00:23:23

Health: -4/45      AC:  9    Str: 21      XL:     5   Next: 19%
Magic:  4/4        EV:  8    Int:  4      God:    Trog [**....]
Gold:   78         SH:  0    Dex:  9 (12) Spells: 4/4 levels left

rFire   . . .        a - +0 hand axe
rCold   . . .        (no shield)
rNeg    . . .        n - +0 chain mail
rPois   .            (helmet restricted)
rElec   .            (no cloak)
rCorr   .            (no gloves)
SInv    .            d - +0 pair of boots
Will    .....        (no amulet) Stlth
                     (no ring)
HPRegen 0.27/turn    (no ring)
MPRegen 0.09/turn

%: no passive effects
@: on berserk cooldown, slowed, very slow
A: horns 2, retaliatory headbutt
a: Renounce Religion, Berserk, Trog's Hand


You were on level 4 of the Dungeon.
You worshipped Trog.
Trog was pleased with you.
You visited 1 branch of the dungeon, and saw 4 of its levels.

You collected 133 gold pieces.
You spent 55 gold pieces at shops.

Inventory:

Hand Weapons
 a - a +0 hand axe (weapon)
Armour
 d - a +0 pair of boots (worn)
 n - a +0 chain mail (worn)
Magical Staves
 p - a staff of fire
Scrolls
 b - a scroll of enchant armour
 c - a scroll of brand weapon
 i - a scroll of acquirement
 j - a scroll of fear {unknown}
 k - a scroll of poison {unknown}
 l - 2 scrolls of teleportation
 m - a scroll of noise {unknown}
 o - a scroll of enchant weapon {unknown}
Potions
 e - a potion of curing {unknown}
 f - 2 potions of mutation
 g - a potion of ambrosia {unknown}
 h - 3 potions of attraction


   Skills:
 - Level 3.6 Fighting
 + Level 7.2 Axes
 - Level 2.4 Armour
 - Level 2.1 Dodging


You had 4 spell levels left.
You didn't know any spells.
Your spell library was empty.

Dungeon Overview and Level Annotations

Branches:
Dungeon (4/15)
 Temple: D:4-7

Altars:
Ashenzari
Wu Jian

Shops:
D:2 [*?:   D:3 [

Annotations:
D:2 armNW potW
D:3 armor shop
D:4 Eustachio


Innate Abilities, Weirdness & Mutations

You have a pair of horns on your head.
You reflexively headbutt those who attack you in melee.


Message History

The river rat's corpse disappears in a puff of smoke!
Eustachio hits you with a +2 falchion of protection.
Eustachio casts a spell.
Eustachio blinks!
Eustachio casts a spell.
Eustachio gestures wildly while chanting.
You closely miss the river rat. You barely miss the ufetubus.
The bat barely misses you.
The ufetubus hits you but does no damage.
The ufetubus hits you.
The river rat bites you but does no damage.
The bat barely misses you.
You closely miss the river rat. You closely miss the quasit.
You barely miss the bat. You barely miss the river rat.
The bat hits you but does no damage. The bat closely misses you.
You furiously retaliate!
You headbutt the bat.
You kill the bat!
The bat's corpse disappears in a puff of smoke!
The river rat barely misses you. The river rat bites you.
The quasit barely misses you.
The quasit claws you but does no damage. x2
You hit Eustachio but do no damage.
Eustachio is almost dead.
You hit the river rat but do no damage. You barely miss the quasit.
You hit the river rat.
Eustachio hits you with a +2 falchion of protection.
* * * LOW HITPOINT WARNING * * *
The quasit bites you but does no damage.
The quasit claws you.
* * * LOW HITPOINT WARNING * * *
The quasit claws you but does no damage.
The river rat bites you.
* * * LOW HITPOINT WARNING * * *
The river rat bites you!
* * * LOW HITPOINT WARNING * * *
The quasit barely misses you. You furiously retaliate!
You headbutt the quasit.
The quasit claws you but does no damage.
The quasit barely misses you.
Eustachio hits you with a +2 falchion of protection.
You die...

..##......)...
............#
...........#
........... #+##
#..........
#....##..........
+................
#....##.†.5.##..
#... #..@r.##..
### #.@r5......
#..5.......
................
...............>
................
######..##.###.#
#### .# ## ..


You could see Eustachio, 2 quasits, 2 river rats and an ufetubus (summoned).

Vanquished Creatures
  Jessica (D:2)
  7 adders
  2 worms (D:2)
  3 dart slugs
  An orc (D:3)
  13 ball pythons
  7 endoplasms
  A giant cockroach (D:3)
  5 goblins
  6 hobgoblins
  2 quokkas
  A bat (D:1)
  4 frilled lizards
  5 kobolds
  4 rats
62 creatures vanquished.

Notes
Turn   | Place    | Note
-------+----------+-------------------------------------------
     0 | D:1      | rundlesten the Minotaur Berserker began the quest for the
                  | Orb.
     0 | D:1      | Reached XP level 1. HP: 19/19 MP: 0/0
    84 | D:1      | Reached skill level 4 in Axes
   387 | D:1      | Reached XP level 2. HP: 26/26 MP: 1/1
   993 | D:2      | Reached skill level 5 in Axes
  1136 | D:2      | Found Hietten's Antique Armour Shop.
  1165 | D:2      | Found Jeaj's Assorted Antiques.
  1179 | D:2      | Reached XP level 3. HP: 18/31 MP: 2/2
  1228 | D:2      | Found Fiag's Book Shoppe.
  1268 | D:2      | Found Gaegosh's Magic Scroll Emporium.
  1288 | D:2      | Bought a scroll of teleportation for 33 gold pieces
  1288 | D:2      | Bought a scroll of identify for 22 gold pieces
  1381 | D:2      | Reached ** piety under Trog
  1388 | D:2      | Found a broken altar of Ashenzari.
  1664 | D:2      | Noticed Jessica
  1680 | D:2      | Killed Jessica
  1681 | D:2      | Reached skill level 6 in Axes
  1681 | D:2      | Reached XP level 4. HP: 18/39 MP: 3/3
  1744 | D:2      | Found a faded altar of an unknown god.
  2471 | D:3      | Identified a scroll of acquirement
  2905 | D:3      | Found Secatad's Antique Armour Emporium.
  2954 | D:3      | Reached XP level 5. HP: 45/45 MP: 4/4
  3044 | D:3      | Reached skill level 7 in Axes
  3083 | D:3      | Found an ornate altar of the Wu Jian Council.
  3467 | D:4      | Noticed Eustachio
  3501 | D:4      | HP: 1/45 [river rat[Eustachio] (8)]
  3501 | D:4      | Slain by Eustachio

Illustrated notes

Levels and vault maps discovered:
D:1:      dpeg_arrival_refuge, layout_loops_ring
D:2:      layout_basic, serial_shops, nicolae_book_shop_shelving,
          nicolae_shop_behind_doors, nicolae_shop_getting_attention, shop,
          nicolae_ecumenical_snake_handling, basic_altar,
          chequers_serial_rivers_micro_d, grunt_ministairs_4,
          minmay_misc_feat_four_crosses, uniq_jessica
D:3:      layout_loops_cross, lemuel_round_altar, serial_shops, shop
D:4:      layout_gridville, mainiacjoe_overflow_six_doors_small,
          old_standard_altar, minmay_temple_entry_purple_smoke, uniq_grinder,
          uniq_crazy_yiuf_cottage, uniq_eustachio

Skill      XL: |  1  2  3  4  5 |
---------------+----------------+-----
Axes           | 4 5 6 7 |  7.2
Fighting       | |  3.6
Armour         | |  2.4
Dodging        | |  2.1

Action                     |  1- 3 |  4- 6 || total
---------------------------+-------+-------++-------
  Melee: Hand axe          |    67 |    85 ||   152
         Headbutt          |    15 |    13 ||    28
         Punch             |       |     2 ||     2
 Invoke: Berserk           |       |     2 ||     2
         Trog's Hand       |       |     1 ||     1
    Use: Scroll            |     1 |     5 ||     6
 Armour: Animal skin       |    12 |       ||    12
         Leather armour    |     5 |    11 ||    16
         Chain mail        |       |    50 ||    50
  Dodge: Dodged            |    44 |    59 ||   103
